Map: Kairos Junction LE

Players

aLive - Winner!

  • Race: Terran Terran
  • Spawn Location: 5:00

RiSky

  • Race: Zerg Zerg
  • Spawn Location: 11:00

Event: IEM Season 13: Katowice (2019)

VOD

Have the link to the VOD?

Description

Time

  • Played on: Feb. 25, 2019, 11:29 a.m.
  • Length: 9:32

All games in this series

Show
View Real Time Build Order
Export as new Build Order

aLive Terran - Winner!

Build Orders: Liberator Opening, Reaper Expand 

Get SALT Encoding   

  12  0:00  SCV  
  13  0:12  SCV  
  14  0:17  Supply Depot  
  14  0:25  SCV  
  15  0:38  SCV  
  15  0:40  Barracks  
  16  0:43  Refinery  
  16  0:50  SCV  
  17  1:03  SCV  
  18  1:15  SCV  
  19  1:27  Orbital Command, Reaper  
  20  1:40  Command Center  
  20  1:50  Supply Depot  
  20  1:52  SCV  
  21  1:58  Marine  
  22  2:04  SCV  
  22  2:08  Factory  
  23  2:12  Refinery  
  23  2:17  SCV  
  23  2:18  Marine  
  25  2:29  SCV  
  26  2:36  Barracks Reactor  
  25  2:41  SCV  
  26  2:52  Orbital Command  
  26  2:53  SCV, Hellion  
  26  2:54  Starport  
  30  3:05  SCV  
  30  3:18  SCV x2  
  32  3:21  Hellion x2  
  32  3:24  Supply Depot  
  36  3:30  SCV  
  36  3:31  SCV  
  36  3:33  Medivac  
  40  3:37  Armory  
  40  3:42  SCV  
  40  3:43  SCV  
  40  3:45  Liberator  
  40  3:48  Hellion x2  
  45  3:56  Marine, Supply Depot  
  45  3:57  SCV  
  45  3:58  SCV  
  51  4:10  Hellion  
  51  4:12  SCV  
  54  4:17  Barracks Tech Lab, SCV  
  54  4:18  Hellion  
  54  4:23  Supply Depot  
  57  4:25  SCV  
  57  4:30  SCV  
  59  4:41  Command Center  
  59  4:42  SCV  
  59  4:43  SCV  
  56  4:52  Starport Reactor  
  56  4:55  SCV x2  
  56  4:59  Barracks  
  51  5:01  Barracks  
  51  5:02  Factory Tech Lab  
  51  5:03  Stimpack  
  50  5:07  SCV x2  
  50  5:10  Engineering Bay  
  50  5:11  Engineering Bay  
  50  5:15  Supply Depot  
  50  5:16  Marine  
  50  5:19  SCV x2  
  53  5:22  Siege Tank  
  56  5:32  SCV x2  
  56  5:35  Barracks  
  58  5:36  Barracks  
  58  5:37  Refinery  
  58  5:38  Starport Reactor, Refinery  
  58  5:40  Terran Infantry Armor Level 1, Terran Infantry Weapons Level 1  
  58  5:43  Marine  
  58  5:45  SCV x2  
  58  5:46  Marine  
  58  5:47  Marine  
  63  5:55  Orbital Command  
  63  5:57  Marine x2  
  63  6:02  Hellbat  
  63  6:03  SCV x2  
  69  6:06  Marine x3  
  72  6:15  Marine x2  
  72  6:17  SCV  
  72  6:18  SCV  
  76  6:23  Marine, Orbital Command  
  76  6:24  Barracks Reactor x2, Supply Depot x3  
  77  6:28  Marine  
  77  6:29  Marine  
  77  6:30  Medivac x2  
  77  6:32  SCV x2  
  85  6:40  Supply Depot x2  
  85  6:44  Marine x3  
  85  6:46  Marine  
  89  6:49  SCV x3  
  89  6:53  Siege Tank  
  95  7:02  Marine x2  
  95  7:03  Marine x6  
  95  7:07  SCV x3  
  106  7:09  Combat Shield  
  106  7:12  Supply Depot  
  106  7:13  Supply Depot  
  106  7:16  Medivac x2  
  106  7:22  SCV x3  
  113  7:24  Refinery  
  113  7:34  SCV x3  
  116  7:40  Marine x6  
  116  7:41  Marine x3  
  125  7:44  Drilling Claws  
  125  7:45  Factory  
  125  7:46  SCV x3  
  125  7:49  Supply Depot  
  125  7:51  Supply Depot  
  128  8:00  Marine  
  128  8:01  Marine x8  
  137  8:10  Supply Depot  
  137  8:11  Missile Turret, Refinery  
  137  8:12  Missile Turret  
  137  8:14  Missile Turret  
  137  8:19  Medivac x2  
  141  8:31  Marine x8  
  141  8:32  Marine, Factory Reactor  
  137  8:48  Marine  
  137  8:49  Marine x6  
  137  8:51  Marine  
  137  8:52  Marine  
  138  8:59  SCV x3  
  123  9:06  Marine  
  123  9:07  Marine x5  
  123  9:08  Marine  
  123  9:09  Marine x2  
  127  9:11  SCV x2  
Show
View Real Time Build Order
Export as new Build Order

RiSky Zerg 

Build Orders: Hatch First 

Get SALT Encoding   

  12  0:00  Drone  
  13  0:12  Overlord  
  13  0:17  Drone  
  14  0:31  Drone x2  
  16  0:48  Hatchery  
  15  0:51  Drone  
  15  0:55  Drone  
  17  0:58  Drone  
  18  1:06  Extractor  
  17  1:14  Spawning Pool  
  17  1:17  Drone  
  17  1:20  Drone  
  18  1:28  Drone  
  19  1:39  Drone  
  20  1:50  Overlord  
  20  2:00  Queen x2  
  24  2:01  Zergling x2  
  24  2:02  Zergling x2  
  26  2:08  Metabolic Boost  
  26  2:11  Drone  
  26  2:12  Drone  
  28  2:21  Drone x2  
  29  2:39  Drone  
  29  2:43  Hatchery  
  29  2:46  Queen  
  29  2:50  Overlord  
  31  2:53  Drone  
  31  2:55  Drone  
  31  2:57  Drone  
  34  2:59  Drone  
  35  3:05  Drone  
  35  3:11  Drone  
  37  3:15  Drone x2  
  37  3:17  Drone x3  
  37  3:18  Drone  
  37  3:19  Drone  
  44  3:28  Overlord  
  44  3:33  Overlord  
  44  3:49  Spore Crawler  
  44  3:50  Drone  
  44  3:51  Queen x2  
  44  3:52  Overlord  
  44  3:55  Drone, Zergling x4  
  52  3:56  Zergling x2  
  52  3:59  Overlord  
  52  4:01  Zergling x8  
  57  4:08  Overlord  
  57  4:10  Drone, Queen  
  57  4:11  Drone  
  60  4:17  Drone x2  
  60  4:20  Drone  
  63  4:27  Queen  
  63  4:30  Zergling x6  
  68  4:33  Zergling x6  
  71  4:41  Zergling x6  
  64  4:53  Zergling x6  
  64  4:59  Drone  
  65  5:00  Drone, Spore Crawler  
  65  5:02  Spore Crawler  
  65  5:03  Drone x2  
  65  5:04  Lair, Spore Crawler  
  64  5:07  Drone x2  
  64  5:08  Drone x2  
  64  5:09  Extractor  
  64  5:10  Extractor  
  64  5:12  Drone, Baneling Nest  
  66  5:15  Drone  
  66  5:17  Spore Crawler  
  66  5:18  Drone  
  68  5:23  Drone  
  68  5:25  Drone  
  68  5:26  Evolution Chamber, Drone  
  68  5:27  Evolution Chamber  
  69  5:34  Drone x2  
  69  5:35  Drone x2  
  73  5:38  Drone  
  73  5:40  Drone x3  
  73  5:42  Drone x2  
  79  5:43  Drone  
  79  5:45  Drone  
  79  5:47  Extractor  
  79  5:49  Overlord, Hatchery  
  79  5:51  Overlord  
  79  5:53  Drone  
  79  5:54  Pneumatized Carapace  
  79  5:56  Overlord  
  80  5:58  Drone  
  80  6:00  Zerg Melee Weapons Level 1  
  80  6:03  Zerg Ground Armor Level 1  
  81  6:07  Overseer  
  81  6:10  Drone  
  82  6:11  Queen  
  82  6:12  Extractor, Queen  
  82  6:13  Extractor  
  82  6:17  Drone x3  
  87  6:18  Drone  
  87  6:19  Drone  
  87  6:22  Drone  
  87  6:24  Drone  
  91  6:27  Drone x3  
  91  6:29  Drone x2  
  91  6:31  Drone x2  
  97  6:35  Drone x2  
  97  6:38  Drone  
  100  6:41  Zergling x6  
  100  6:44  Centrifical Hooks  
  100  6:46  Zergling x2  
  100  6:47  Baneling x7  
  104  6:48  Overlord  
  104  6:51  Overlord  
  104  6:57  Hydralisk Den  
  104  6:58  Zergling x2  
  104  7:01  Zergling x2  
  104  7:02  Zergling x4  
  104  7:04  Baneling x10  
  104  7:08  Drone x2  
  109  7:09  Overlord  
  109  7:10  Drone  
  109  7:12  Drone  
  111  7:16  Zergling x2  
  111  7:17  Zergling x2  
  111  7:22  Drone  
  114  7:23  Drone  
  114  7:25  Infestation Pit  
  114  7:29  Zergling x2  
  120  7:30  Zergling x14  
  120  7:36  Drone  
  118  7:40  Drone x2  
  118  7:42  Drone  
  119  7:45  Drone  
  119  7:49  Zergling x8  
  123  7:55  Zergling x6  
  120  8:00  Spore Crawler  
  120  8:02  Zergling x14  
  126  8:06  Zergling x4  
  126  8:10  Muscular Augments  
  126  8:12  Hive  
  128  8:13  Overlord x2  
  128  8:14  Overlord  
  128  8:19  Overlord  
  128  8:21  Overlord, Hatchery  
  128  8:24  Overlord  
  128  8:26  Zergling x2  
  127  8:30  Overlord x2  
  127  8:33  Zergling x18  
  136  8:36  Zergling x2  
  136  8:41  Zergling x8  
  136  8:46  Zergling x2  
  136  8:47  Zergling x4  
  139  8:49  Zergling x2  
  139  8:52  Zergling x2  
  138  8:56  Zergling x2  
  138  8:58  Baneling x16  
  138  8:59  Zergling x2  
  138  9:02  Zergling x2  
  136  9:06  Zergling x2  
  130  9:12  Overlord, Zergling x8  
  130  9:13  Zergling x2  
  130  9:15  Zergling x2  

Tags
 
Add a new tag
Caveats
  • Supply blocks, unpowered buildings, or Contaminate may cause inaccurate times.
  • Supply counts are checked every 10 seconds.